 Dungeon Crawl Stone Soup version 0.30.1-11-g7821555f0a (webtiles) character file.

Game seed: 16417316134200000976

14 caec the Ruffian (level 2, -3/23 HPs)
             Began as a Draconian Transmuter on Jan 3, 2024.
             Slain by a gnoll
             ... wielding a +0 flail
              (9 damage)
             ... on level 1 of the Dungeon.
             The game lasted 00:01:02 (328 turns).

caec the Ruffian (Draconian Transmuter)              Turns: 328, Time: 00:01:03

Health: -3/23      AC:  4    Str: 12    XL:     2   Next: 31%
Magic:  2/5        EV: 12    Int: 13    God:
Gold:   11         SH:  0    Dex: 11    Spells: 2/5 levels left

rFire   . .          .
                       - Unarmed
rCold   . . .        (no shield)
rNeg    . . .        (body armour unavailable)
rPois   .            (helmet restricted)
rElec   .            (no cloak)
rCorr   .            (no gloves)
SInv    .            (no boots)
Will    .....        (no amulet)
Stlth   +            (no ring)
HPRegen 0.23/turn    (no ring)
MPRegen 0.09/turn

%: no passive effects
@: wereblooded
A: AC +4, unfitting armour, cold-blooded
a: no special abilities


You were on level 1 of the Dungeon.
You visited 1 branch of the dungeon, and saw 1 of its levels.

You collected 11 gold pieces.

Inventory:

Missiles
 b - 4 curare-tipped darts (quivered)
Potions
 a - a potion of lignification


   Skills:
 + Level 1.2 Fighting
 + Level 2.0 Dodging
 + Level 0.1 Stealth
 + Level 3.5 Unarmed Combat
 + Level 2.0 Spellcasting
 + Level 2.0 Transmutations


You had 2 spell levels left.
You knew the following spells:

 Your Spells              Type           Power      Damage    Failure   Level
a - Beastly Appendage     Tmut           12%        N/A       11%         1
b - Wereblood             Tmut           6%         N/A       17%         2

Your spell library contained the following spells:

 Spells                   Type           Power      Damage    Failure   Level
 Ensorcelled Hibernation  Hex/Ice        2%         N/A       36%         2
 Spider Form              Tmut/Pois      3%         N/A       45%         3
 Ice Form                 Ice/Tmut       3%         N/A       86%         4
 Anguish                  Hex/Necr       0%         N/A       94%         4


Dungeon Overview and Level Annotations

Branches:
Dungeon (1/15)

Altars:


Innate Abilities, Weirdness & Mutations

Your plain brown scales are hard. (AC +4)
You cannot fit into any form of body armour.
You are cold-blooded and may be slowed by cold attacks.


Message History

Confirm with . or Enter, or press ? or * to list all spells.
You miscast Beastly Appendage.
You are very lightly contaminated with residual magic.
Nothing appears to happen.
The gnoll hits you with a +0 flail!
Casting: Beastly Appendage (safe; 11% risk of failure)
Confirm with . or Enter, or press ? or * to list all spells.
Your blood is infused with primal strength.
The gnoll misses you.
You hit the gnoll.
The gnoll is lightly wounded.
The gnoll barely misses you.
You barely miss the gnoll.
Your tail-slap misses the gnoll.
The gnoll is lightly wounded.
The gnoll hits you with a +0 flail.
You hit the gnoll.
The gnoll is moderately wounded.
You hit the gnoll.
The gnoll is moderately wounded.
The gnoll hits you with a +0 flail!
* * * LOW HITPOINT WARNING * * *
You are too injured to fight recklessly!
You are too injured to fight recklessly!
You are too injured to fight recklessly!
You hit the gnoll. Your punch misses the gnoll.
The gnoll is severely wounded.
The gnoll completely misses you.
You barely miss the gnoll.
The gnoll is severely wounded.
The gnoll completely misses you.
Your magical contamination has completely faded away.
You closely miss the gnoll.
The gnoll is severely wounded.
The gnoll completely misses you.
You closely miss the gnoll.
The gnoll is severely wounded.
The gnoll completely misses you.
You closely miss the gnoll.
The gnoll is severely wounded.
The gnoll hits you with a +0 flail!
You die...

# .# .. ... ...
#.# .... ###.#
..... ####.#.##
......##.......#
..:..Sg@.......#
......##.#.....#
..!.. #.##.#..#
.... #.###...#
.$. #.###.#.# #+
#...†...#
#####.### #.#
#.#


You could see a gnoll and a ball python.

Vanquished Creatures
  An endoplasm (D:1)
  A giant cockroach (D:1)
  A hobgoblin (D:1)
  3 jackals (D:1)
  A kobold (D:1)
  A quokka (D:1)
  2 frilled lizards (D:1)
  3 rats (D:1)
13 creatures vanquished.

Notes
Turn   | Place    | Note
-------+----------+-------------------------------------------
     0 | D:1      | caec the Draconian Transmuter began the quest for the Orb.
     0 | D:1      | Reached XP level 1. HP: 16/16 MP: 3/3
   212 | D:1      | Reached XP level 2. HP: 23/23 MP: 3/5
   220 | D:1      | Learned a level 2 spell: Wereblood
   239 | D:1      | Found a faded altar of an unknown god.
   328 | D:1      | Slain by a gnoll

Illustrated notes

Levels and vault maps discovered:
D:1:      matt_arrival_debris, layout_loops_corners,
          shapermc_ecumenical_altar_mp_ritualfount

Skill      XL: |  1  2 |
---------------+-------+-----
Dodging        | 2 |  2.0
Fighting       | |  1.2
Stealth        | |  0.1
Unarmed Combat | |  3.5
Spellcasting   | |  2.0
Transmutations | |  2.0

Action                     || total
---------------------------++-------
  Melee: Unarmed           ||    48
         Kick              ||    12
         Headbutt          ||     3
         Tailslap          ||     3
         Punch             ||     1
   Cast: Beastly Appendage ||     8
         Wereblood         ||     2
   Stab: Sleeping          ||     1
 Armour: Skin              ||    13
  Dodge: Dodged            ||    32
